 Dungeon Crawl Stone Soup version 0.30-a0-743-gbfdf073431 (webtiles) character file.

Game seed: 13846186501967954088

137726 duruk the Warrior (level 17, -11/169 (171) HPs)
             Began as a Barachi Gladiator on Feb 3, 2023.
             Was the Champion of Okawaru.
             Mangled by a vampire knight
             ... wielding a +0 broad axe
              (25 damage)
             ... on level 3 of the Swamp on Feb 6, 2023.
             The game lasted 02:35:44 (28297 turns).

duruk the Warrior (Barachi Gladiator)              Turns: 28297, Time: 02:35:45

HP:   -11/169 (171) AC: 34    Str: 21    XL:     17   Next: 24%
MP:   0/19          EV: 17    Int:  9    God:    Okawaru [******]
Gold: 2284          SH: 13    Dex: 16    Spells: 16/16 levels left

rFire   . . .      SeeInvis .    u - +6 scimitar (flame)
rCold   . . .      Faith    .    k - +0 kite shield
rNeg    . . .      Spirit   +    G - +18 Lear's hauberk
rPois   +          Reflect  .    (helmet currently unavailable)
rElec   .          Harm     .    V - +0 cloak {Will+}
rCorr   .          Rampage  .    (gloves currently unavailable)
Will    ++...                    (boots currently unavailable) Stlth
                                 j - amulet of guardian spirit
HPRegen 0.48/turn                p - +5 ring of evasion
MPRegen 0.16/turn                W - ring of poison resistance

@: unable to hop, lightly drained, slow
A: amphibious, slowness 1, strong legs 2, +LOS, low MP 1, robust 1
a: Hop, Renounce Religion, Heroism, Finesse, Duel


You were on level 3 of the Swamp.
You worshipped Okawaru.
Okawaru was exalted by your worship.
You visited 6 branches of the dungeon, and saw 28 of its levels.
You also visited: Sewer, Ossuary and Bailey.

You collected 2688 gold pieces.
You spent 404 gold pieces at shops.

Inventory:

Hand Weapons
 a - a +4 demon blade of venom
 u - a +6 scimitar of flaming (weapon)
 w - a +3 falchion of holy wrath
Missiles
 d - 12 atropa-tipped darts (quivered)
 e - 9 javelins
 f - 3 silver javelins
 t - a silver boomerang
 L - 28 poisoned darts
 P - 2 curare-tipped darts
 S - 2 throwing nets
Armour
 i - the +1 helmet "Baher" {Str-3 Int+7 Stlth-}
   (Okawaru gifted it to you on level 4 of the Lair of Beasts)

   Str:       It affects your strength (-3).
   Int:       It affects your intelligence (+7).
   Stlth:     It makes you less stealthy.
 k - a +0 kite shield (worn)
 y - a +3 chain mail of cold resistance
 G - the +18 Lear's hauberk (worn)
   (Okawaru gifted it to you on level 12 of the Dungeon)
 V - a +0 cloak of willpower (worn)
Jewellery
 j - an amulet of guardian spirit (around neck)
 n - an amulet of regeneration
 p - a +5 ring of evasion (left hand)
 r - a ring of protection from fire
 E - a ring of resist corrosion
 O - a ring of protection from cold
 W - a ring of poison resistance (right hand)
Wands
 c - a wand of mindburst (18)
 q - a wand of roots (14)
 D - a wand of flame (63)
 F - a wand of polymorph (8)
 J - a wand of light (19)
 R - a wand of digging (12)
Scrolls
 b - 10 scrolls of teleportation
 h - 11 scrolls of fear
 o - 5 scrolls of identify
 x - a scroll of poison
 H - 2 scrolls of fog
 I - 2 scrolls of magic mapping
 M - 4 scrolls of amnesia
 N - a scroll of torment
 Q - 2 scrolls of blinking
Potions
 g - a potion of invisibility
 l - 2 potions of haste
 m - a potion of heal wounds
 s - 3 potions of might
 v - a potion of ambrosia
 z - 3 potions of magic
 A - 7 potions of brilliance
 B - 5 potions of flight
 C - 6 potions of cancellation
 K - 4 potions of curing
 U - a potion of resistance
Miscellaneous
 T - a tin of tremorstones (2/2)


   Skills:
 + Level 20.5 Fighting
 - Level 14.0 Long Blades
 + Level 3.3 Throwing
 + Level 17.6 Armour
 + Level 9.3 Dodging
 - Level 2.1 Stealth
 + Level 14.8 Shields
 - Level 6.1 Invocations
 + Level 0.3 Evocations


You had 16 spell levels left.
You didn't know any spells.
Your spell library contained the following spells:

 Spells                   Type           Power      Damage    Failure   Level
 Apportation              Tloc           0%         N/A       97%         1
 Beastly Appendage        Tmut           0%         N/A       97%         1
 Shock                    Conj/Air       0%         1d3       97%         1
 Slow                     Hex            0%         N/A       97%         1
 Sting                    Tmut/Pois      0%         1d3       97%         1
 Ensorcelled Hibernation  Hex/Ice        0%         N/A       99%         2
 Lesser Beckoning         Tloc           0%         N/A       99%         2
 Passwall                 Tmut/Erth      0%         N/A       99%         2
 Poisonous Vapours        Pois/Air       0%         N/A       99%         2
 Wereblood                Tmut           0%         N/A       99%         2
 Confusing Touch          Hex            0%         N/A       100%        3
 Dazzling Flash           Conj/Hex       0%         N/A       100%        3
 Frozen Ramparts          Ice            0%         1d1       100%        3
 Gell's Gravitas          Tloc           0%         N/A       100%        3
 Kindle Blastsparks       Fire/Tloc/Air  0%         2d10      100%        3
 Ozocubu's Armour         Ice            0%         N/A       100%        3
 Spider Form              Tmut/Pois      0%         N/A       100%        3
 Swiftness                Air            0%         N/A       100%        3
 Teleport Other           Tloc           0%         N/A       100%        3
 Vampiric Draining        Necr           0%         2d6       100%        3
 Fulminant Prism          Conj/Hex       0%         3d5       100%        4
 Ice Form                 Ice/Tmut       0%         N/A       100%        4
 Iskenderun's Mystic Bla  Conj/Tloc      0%         2d3       100%        4
 Olgreb's Toxic Radiance  Pois           0%         N/A       100%        4
 Passage of Golubria      Tloc           0%         N/A       100%        4
 Agony                    Necr           0%         N/A       100%        5
 Alistair's Intoxication  Tmut/Pois      0%         N/A       100%        5
 Iskenderun's Battlesphe  Conj           0%         2d6       100%        5
 Lee's Rapid Deconstruct  Erth           0%         3d4*      100%        5
 Lightning Bolt           Conj/Air       0%         1d11      100%        5
 Metabolic Englaciation   Hex/Ice        0%         N/A       100%        5
 Silence                  Hex/Air        0%         N/A       100%        5
 Lehudib's Crystal Spear  Conj/Erth      0%         10d2      100%        8
 Summon Ice Beast         Ice/Summ       Unusable   N/A       N/A         4
 Simulacrum               Ice/Necr       Unusable   N/A       N/A         6

Dungeon Overview and Level Annotations

Branches:
Dungeon (15/15)            Temple (1/1) D:4            Lair (5/5) D:8
  Swamp (4/4) Lair:2       Spider (1/4) Lair:3        Slime (0/5) Lair:4
    Orc (2/2) D:9             Elf (0/3) Orc:2        Vaults (0/5) D:13
 Depths (0/4) D:15          Sewer (visited)         Ossuary (visited)
 Bailey (visited)

Altars:
Ashenzari
Cheibriados
Dithmenos
Elyvilon
Fedhas
Gozag
Hepliaklqana
Kikubaaqudgha
Makhleb
Nemelex Xobeh
Okawaru
Qazlal
Ru
Sif Muna
Trog
Uskayaw
Vehumet
Wu Jian
Xom
Yredelemnul
Zin
The Shining One
Jiyva

Shops:
D:8 ?   Orc:2 =*[*

Portals:
Abyss: Swamp:2
Pandemonium: Orc:2

Annotations:
D:14 2 transporters, Wopsaluy's ghost, journeyman GrFi
D:15 Azrael
Lair:4 3 runed translucent doors, Regoshi's ghost, journeyman DsGl
Swamp:2 2 transporters, Liseak's ghost, journeyman MfDe


Innate Abilities, Weirdness & Mutations

You are amphibious.
You cover ground slowly.
You can hop long distances.
You have an extended range of vision and can be seen from far away.
Your magical capacity is low. (-10% MP)
You are robust. (+10% HP)


Message History

You closely miss something. You block something's attack. x2
You slash something! You burn something. Something hits you but does no damage.
Something bites you but does no damage.
You hear some strange, mumbled words.
Something tries to affect you, but you resist.
You hit something but do no damage. Something hits you but does no damage.
Something bites you but does no damage.
You closely miss something. Something draws life force from you!
You hit something but do no damage. Something barely misses you. x2
You closely miss something. Something completely misses you.
Something bites you.
* * * LOW HITPOINT WARNING * * *
Something draws strength from your injuries!
You barely miss something. Something hits you but does no damage.
Something barely misses you. Something hits you.
Something bites you but does no damage.
You closely miss something. Something hits you but does no damage.
Something bites you but does no damage.
You slash something! You burn something. Something hits you!!
* * * LOW HITPOINT WARNING * * *
Something bites you but does no damage.
Hop to where?
Press: ? - help, Dir - move target Boing!
There is a stone staircase leading up, spattered with blood here.
You block something's attack. Something bites you but does no damage.
You climb upwards.
Reactivating autopickup.
There is a stone staircase leading down, spattered with blood here.
You see here +0 swamp dragon scales.
There is a strange disturbance nearby!
You enter the shallow water.
Deactivating autopickup; reactivate with Ctrl-A.
Something tries to affect you, but you resist.
You block something's attack. Something bites you but does no damage.
Something hits you!!
* * * LOW HITPOINT WARNING * * *
Something barely misses you.
You enter the shallow water.
Something hits you!!
You die...

~~...~~~~~~..~~.~♣ ♣♣♣~......♣
~~.♣♣..........~♣♣♣♣♣♣~.~...~.~♣♣
~.♣♣~..♣♣..~~~~.§♣♣.......)..~...
~.♣♣..~~.~~~~§~~.♣.~.~...§~~....~
~.♣♣~.♣.~~~~~~~~~....~~..~..~....
~..~~~....~~~~÷>~.~..~~....~.~...
~~~~~~.♣♣♣~...~~♣...........♣~...
~.n..~♣♣ ♣♣~~♣♣♣♣{...............
♣♣♣♣♣♣♣ ♣♣♣♣♣~@~~....##.##...~. ♣
♣♣♣♣.~~....##...##.... ♣
♣♣♣♣♣♣~♣~.~~^.........##..~ ♣
♣..♣~~~...~~.......#...#.†. ♣
♣♣♣.~§.§♣♣.....#...##..'...
♣.~.~♣♣♣♣....#...#...#... ♣♣♣♣♣♣
♣~~..#......##...
♣♣.♣..#....##....
♣♣♣♣..#..##.....


There were no monsters in sight!

Vanquished Creatures
  Rupert (Orc:2)
  Agnes (Arena)
  Kirke (D:15)
  An orc warlord (D:9)
  Nessos (D:15)
  A very ugly thing (D:15)
  A dire elephant (Lair:5)
  4 eleionomae
  A bunyip (Swamp:3)
  An ettin (Orc:2)
  A shambling mangrove (Swamp:3)
  A great orb of eyes (D:15)
  An ice dragon (Lair:4)
  Harold (D:11)
  A ghost crab (Swamp:3)
  An ogre mage (D:15)
  3 catoblepae
  A rakshasa (D:15)
  2 demonspawn (Orc:2)
  10 vault guards
  9 hydras
  Erica (D:8)
  3 centaur warriors
  4 two-headed ogres
  7 boulder beetles
  6 death yaks (Lair:5)
  2 tengu warriors
  A deep troll shaman (Lair:5)
  7 alligators
  6 orc high priests (Orc:2)
  Lodul (D:13)
  9 goliath frogs
  6 bog bodies
  A flayed ghost (Swamp:3)
  3 spriggan druids
  2 spectral hydras (Swamp:4)
  5 orc knights
  12 swamp dragons
  A wizard (D:15)
  A mana viper (shapeshifter) (D:13)
  A phantasmal warrior (Swamp:3)
  Pikel (D:6)
  3 deep elf pyromancers
  5 will-o-the-wisps
  7 orc sorcerers
  4 cyclopes
  18 ugly things
  18 elephants
  Joseph (Lair:1)
  Maurice (D:9)
  4 black mambas
  A demonic crawler (Spider:1)
  An orange demon (Orc:2)
  3 cane toads
  2 unseen horrors
  Psyche (D:8)
  3 kobold demonologists
  A komodo dragon (shapeshifter) (D:12)
  A rime drake (Lair:3)
  A freezing wraith (Swamp:4)
  6 komodo dragons
  A hydra zombie (Swamp:4)
  A death drake zombie (Swamp:4)
  8 trolls
  3 efreet
  3 polar bears
  9 hornets
  Prince Ribbit (D:8)
  5 tyrant leeches
  A raiju (shapeshifter) (D:15)
  2 death drake skeletons (Swamp:4)
  4 blink frogs
  5 dream sheep (Lair:5)
  15 slime creatures
  Sigmund (D:3)
  A centaur simulacrum (D:15)
  4 wraiths
  2 vampires
  10 humans
  7 spriggans
  51 yaks
  2 wyverns
  2 fire elementals (D:15)
  4 hogs (D:15)
  2 basilisks
  A chaos spawn (Orc:2)
  A redback (shapeshifter) (D:15)
  6 vampire mosquitoes
  2 wargs
  An acid dragon (D:10)
  8 water moccasins
  12 swamp worms
  A hell hound (D:15)
  3 swamp drakes
  3 black bears
  3 hydra simulacra (Swamp:4)
  25 orc warriors
  2 sky beasts (D:8)
  4 swamp dragon zombies (Swamp:4)
  3 boggarts
  14 ogres
  14 wolves
  7 centaurs
  3 kobold brigands
  19 bullfrogs
  A gnoll sergeant (D:12)
  8 scorpions
  2 necrophages
  6 killer bees (D:9)
  4 electric eels
  A troll skeleton (D:13)
  A vampire bat (D:8)
  5 spriggan skeletons (D:13)
  5 hounds
  3 jellies
  A gnoll bouda (D:7)
  20 orc priests
  3 iguanas
  Terence (D:3)
  25 orc wizards
  3 mummies (Ossuary)
  15 gnolls
  10 adders
  A river rat (D:3)
  A shadow imp (D:7)
  4 white imps
  An ufetubus (D:6)
  4 adder zombies (Ossuary)
  A worm (Lair:3)
  4 dart slugs
  65 orcs
  16 bats
  9 endoplasms
  17 giant cockroaches
  7 goblins
  12 hobgoblins
  7 jackals
  11 quokkas
  16 ball pythons
  7 frilled lizards
  6 goblin zombies (Ossuary)
  3 hobgoblin zombies (Ossuary)
  10 kobolds
  3 kobold zombies (Ossuary)
  A quokka zombie (Ossuary)
  11 rats
  A rat zombie (Ossuary)
813 creatures vanquished.

Vanquished Creatures (others)
  3 alligators
  3 bloated husks
  54 foxfires
  15 fungi
  63 plants
  A withered plant (D:15)
139 creatures vanquished.

Grand Total: 952 creatures vanquished

Notes
Turn   | Place    | Note
-------+----------+-------------------------------------------
     0 | D:1      | duruk the Barachi Gladiator began the quest for the Orb.
     0 | D:1      | Reached XP level 1. HP: 17/17 MP: 1/1
   142 | D:1      | Reached XP level 2. HP: 15/23 MP: 2/2
   280 | D:1      | Found a faded altar of an unknown god.
   571 | D:1      | Reached XP level 3. HP: 23/28 MP: 3/3
   713 | D:1      | Reached skill level 1 in Armour
   989 | D:2      | Found a stormy altar of Qazlal.
  1056 | D:2      | Reached XP level 4. HP: 34/34 MP: 4/4
  1115 | D:2      | Reached skill level 3 in Fighting
  1124 | D:2      | Reached skill level 5 in Long Blades
  1710 | D:3      | Noticed Sigmund
  1752 | D:2      | Reached XP level 5. HP: 39/41 MP: 5/5
  1877 | D:3      | Noticed Terence
  1888 | D:3      | Killed Terence
  2191 | D:3      | Found a glowing drain.
  2195 | Sewer    | Entered a sewer
  2370 | Sewer    | Reached XP level 6. HP: 47/47 MP: 6/6
  2699 | D:4      | Found a staircase to the Ecumenical Temple.
  2745 | Temple   | Entered the Ecumenical Temple
  3052 | Temple   | Became a worshipper of Warmaster Okawaru
  3263 | D:4      | Reached XP level 7. HP: 46/53 MP: 7/7
  3334 | D:4      | Reached skill level 4 in Fighting
  3532 | D:4      | Found a white marble altar of Elyvilon.
  3533 | D:4      | Found an ornate altar of the Wu Jian Council.
  3534 | D:4      | Found a broken altar of Ashenzari.
  3535 | D:4      | Found a sparkling altar of Nemelex Xobeh.
  3754 | D:5      | Entered Level 5 of the Dungeon
  3809 | D:5      | Reached skill level 1 in Stealth
  3864 | D:5      | Gained mutation: You are robust. (+10% HP) [potion of
                  | mutation]
  4103 | D:5      | Noticed an angel
  4120 | D:5      | Found a shimmering altar of Xom.
  4120 | D:5      | Found a glowing silver altar of Zin.
  4816 | D:6      | Reached * piety under Okawaru
  4817 | D:6      | Reached XP level 8. HP: 51/66 MP: 8/8
  4869 | D:6      | Noticed Pikel
  4921 | D:6      | Killed Pikel
  4922 | D:6      | Reached skill level 5 in Fighting
  4922 | D:6      | Reached skill level 5 in Armour
  5020 | D:6      | Identified the +4 spear "Uffen" {heavy, rN+ Str+6}
  5144 | D:6      | Reached skill level 5 in Dodging
  5628 | D:7      | Reached skill level 1 in Invocations
  5668 | D:7      | Reached XP level 9. HP: 68/74 MP: 10/10
  5691 | D:7      | Reached skill level 10 in Long Blades
  6148 | D:8      | Noticed Erica
  6196 | D:8      | Noticed Prince Ribbit
  6224 | D:8      | Killed Prince Ribbit
  6272 | D:8      | Found a blossoming altar of Fedhas.
  6281 | D:8      | Noticed Psyche
  6323 | D:8      | Killed Psyche
  6323 | D:8      | Reached ** piety under Okawaru
  6324 | D:8      | Reached skill level 6 in Fighting
  6466 | D:8      | Found Ecaedeom's Magic Scroll Boutique.
  6556 | D:8      | Bought a scroll of fear for 60 gold pieces
  6556 | D:8      | Bought a scroll of identify for 30 gold pieces
  6556 | D:8      | Bought a scroll of blinking for 112 gold pieces
  6556 | D:8      | Bought a scroll of identify for 30 gold pieces
  6556 | D:8      | Bought a scroll of fear for 60 gold pieces
  6556 | D:8      | Bought a scroll of blinking for 112 gold pieces
  6619 | D:8      | Reached skill level 7 in Fighting
  6619 | D:8      | Reached XP level 10. HP: 72/86 MP: 11/11
  6748 | D:8      | Found a sand-covered staircase.
  6754 | Ossuary  | Entered an ossuary
  7000 | D:8      | Killed Erica
  7129 | D:8      | Found a staircase to the Lair.
  7238 | Lair:1   | Entered Level 1 of the Lair of Beasts
  7424 | Lair:1   | Reached *** piety under Okawaru
  7425 | Lair:1   | Reached skill level 8 in Fighting
  7586 | Lair:1   | Noticed a black mamba
  7598 | Lair:1   | Killed a black mamba
  7953 | D:3      | Killed Sigmund
  7953 | D:3      | Received a gift from Okawaru
  8494 | D:9      | Reached XP level 11. HP: 82/95 MP: 12/12
  8568 | D:9      | Found a snail-covered altar of Cheibriados.
  8613 | D:9      | Noticed a two-headed ogre
  8640 | D:9      | Killed a two-headed ogre
  8641 | D:9      | Reached skill level 10 in Armour
  8793 | D:9      | Found a staircase to the Orcish Mines.
  8799 | Orc:1    | Entered Level 1 of the Orcish Mines
  8799 | Orc:1    | Noticed an orc knight
  8799 | Orc:1    | Noticed an orc warlord
  8799 | Orc:1    | Noticed an orc sorcerer
  8850 | D:9      | Reached skill level 9 in Fighting
  8858 | D:9      | Reached **** piety under Okawaru
  8876 | D:9      | Received a gift from Okawaru
  8994 | D:9      | Noticed a boulder beetle
  9013 | D:9      | Noticed Maurice
  9025 | D:9      | Killed a boulder beetle
  9057 | D:9      | Killed Maurice
  9131 | D:9      | Identified the +1 quarterstaff of Disaster {freeze, rC-
                  | Will+ Str+7}
  9224 | D:9      | Reached ***** piety under Okawaru
  9332 | D:10     | Entered Level 10 of the Dungeon
  9365 | D:10     | Reached skill level 10 in Fighting
  9378 | D:10     | Reached skill level 1 in Shields
  9496 | D:10     | Found a flagged portal.
  9626 | D:10     | Received a gift from Okawaru
  9892 | D:10     | Found a shimmering blue altar of Sif Muna.
  9952 | Bailey   | Entered a bailey
 10009 | Bailey   | Reached skill level 11 in Fighting
 10054 | Bailey   | Noticed a vault guard
 10067 | Bailey   | Killed a vault guard
 10068 | Bailey   | Reached XP level 12. HP: 110/110 MP: 11/14
 10104 | Bailey   | Noticed a vault guard
 10125 | Bailey   | Killed a vault guard
 10339 | D:11     | Gained mutation: Your magical capacity is low. (-10% MP) [a
                  | neqoxec]
 10367 | D:11     | Noticed a sun demon
 10554 | D:12     | Noticed a boulder beetle
 10569 | D:11     | Noticed Harold
 10837 | D:12     | Noticed a two-headed ogre
 10843 | D:12     | Killed a two-headed ogre
 10899 | D:12     | Reached skill level 12 in Fighting
 10936 | D:12     | Killed a boulder beetle
 10936 | D:12     | Received a gift from Okawaru
 10936 | D:12     | Found the +18 Lear's hauberk
 11290 | D:11     | Noticed a soul eater
 11448 | D:11     | Killed Harold
 11636 | D:11     | Reached skill level 13 in Fighting
 11766 | D:13     | Noticed an entropy weaver
 11778 | D:13     | an entropy weaver changed into a mana viper
 11782 | D:13     | Noticed a boulder beetle
 11830 | D:13     | Noticed Lodul
 11832 | D:13     | Gained mutation: You can hop long distances. [Barachi
                  | growth]
 11832 | D:13     | Reached XP level 13. HP: 93/122 MP: 14/14
 12016 | D:13     | Identified the ring of Equivalence {Wiz rC- rCorr Str+3}
 12063 | D:13     | Reached ****** piety under Okawaru
 12092 | D:13     | Found a gate to the Vaults.
 12092 | D:13     | Noticed a vault guard
 12092 | D:13     | Noticed a vault guard
 12092 | D:13     | Noticed a vault guard
 12092 | D:13     | Noticed a vault guard
 12092 | D:13     | Noticed a vault guard
 12092 | D:13     | Noticed a vault guard
 12092 | D:13     | Noticed a vault guard
 12093 | D:13     | Noticed a vault guard
 12112 | D:13     | Killed a vault guard
 12113 | D:13     | Reached skill level 14 in Fighting
 12134 | D:13     | Killed a vault guard
 12134 | D:13     | Received a gift from Okawaru
 12144 | D:13     | Killed a vault guard
 12148 | D:13     | Received a gift from Okawaru
 12173 | D:13     | Killed a vault guard
 12174 | D:13     | Reached skill level 5 in Shields
 12188 | D:13     | Killed a vault guard
 12208 | D:13     | Killed a vault guard
 12208 | D:13     | Received a gift from Okawaru
 12214 | D:13     | Killed a vault guard
 12215 | D:13     | Reached skill level 5 in Invocations
 12225 | D:13     | Killed a vault guard
 12303 | D:13     | Killed Lodul
 12309 | D:13     | Reached skill level 15 in Fighting
 12870 | D:14     | Found a transporter.
 13322 | D:14     | Identified the +1 hat of Biseoxa {Regen+ SInv} (Okawaru
                  | gifted it to you on level 14 of the Dungeon)
 13322 | D:14     | Received a gift from Okawaru
 13323 | D:14     | Reached XP level 14. HP: 128/136 MP: 16/16
 13348 | D:14     | Reached skill level 15 in Armour
 13391 | D:14     | Reached skill level 16 in Fighting
 13639 | D:14     | Noticed Wopsaluy's ghost (journeyman GrFi)
 13640 | D:14     | Noticed a sphinx
 13650 | D:14     | Found a transporter.
 13842 | D:15     | Entered Level 15 of the Dungeon
 14019 | D:15     | Found a broken altar of Ashenzari.
 14022 | D:15     | Noticed Nessos
 14047 | D:15     | Killed Nessos
 14489 | D:15     | Noticed Agnes
 14493 | Arena    | Entered the Arena
 14506 | Arena    | Killed Agnes
 14894 | D:15     | Identified the +1 leather armour of Lesser Demons {rF+
                  | rCorr Str+3}
 15000 | D:15     | Noticed a white very ugly thing
 15011 | D:15     | Killed a cyan very ugly thing
 15011 | D:15     | Identified the +0 robe "Haempeci" {+Blink rF+ Str+3}
                  | (Okawaru gifted it to you on level 15 of the Dungeon)
 15011 | D:15     | Received a gift from Okawaru
 15012 | D:15     | Reached skill level 17 in Fighting
 15081 | D:15     | Found a staircase to the Depths.
 15400 | D:15     | Noticed Kirke
 15417 | D:15     | Killed Kirke
 15484 | D:15     | Noticed Azrael
 15729 | Lair:1   | Noticed Joseph
 15750 | Lair:1   | Killed Joseph
 16424 | Lair:2   | Identified the +4 short sword "Tickoer" {freeze, *Corrode
                  | Fly rF+ Will++}
 16797 | Lair:2   | Reached XP level 15. HP: 147/147 MP: 17/17
 16911 | Lair:2   | Found a staircase to the Swamp.
 17082 | Lair:3   | Found a hole to the Spider Nest.
 17334 | Lair:3   | Received a gift from Okawaru
 17698 | Lair:3   | Received a gift from Okawaru
 18149 | Spider:1 | Entered Level 1 of the Spider Nest
 18277 | Lair:4   | Reached skill level 18 in Fighting
 18414 | Lair:4   | Reached skill level 10 in Shields
 18483 | Lair:4   | Identified the +1 helmet "Baher" {Str-3 Int+7 Stlth-}
                  | (Okawaru gifted it to you on level 4 of the Lair of Beasts)
 18483 | Lair:4   | Received a gift from Okawaru
 18495 | Lair:4   | Found a runed translucent gate.
 18495 | Lair:4   | Found a runed translucent gate.
 18495 | Lair:4   | Found a runed translucent gate.
 18496 | Lair:4   | Noticed an acid blob
 18496 | Lair:4   | Noticed an acid blob
 18506 | Lair:4   | Noticed Regoshi's ghost (journeyman DsGl)
 18506 | Lair:4   | Noticed an acid blob
 18506 | Lair:4   | Noticed a rockslime
 18508 | Lair:4   | Noticed an azure jelly
 18508 | Lair:4   | Noticed an acid blob
 18550 | Lair:4   | Noticed an acid blob
 18645 | Lair:4   | Found a staircase to the Slime Pits.
 19232 | Lair:4   | Noticed an acid blob
 19233 | Lair:4   | Noticed an acid blob
 19236 | Lair:4   | Found a viscous altar of Jiyva.
 19273 | Lair:5   | Entered Level 5 of the Lair of Beasts
 20720 | D:9      | Killed an orc warlord
 21238 | Orc:2    | Entered Level 2 of the Orcish Mines
 21483 | Orc:2    | Noticed Rupert
 21510 | Orc:2    | Killed Rupert
 21738 | Orc:2    | Found a staircase to the Elven Halls.
 21765 | Orc:2    | Reached XP level 16. HP: 129/159 MP: 10/18
 21813 | Orc:2    | Received a gift from Okawaru
 21814 | Orc:2    | Reached skill level 19 in Fighting
 22082 | Orc:2    | Found Qeiptic's General Store.
 22100 | Orc:2    | Found Zualaor's General Store.
 22823 | Orc:2    | Found Cagal's Jewellery Shoppe.
 22823 | Orc:2    | Found Wumpit's Antique Armour Emporium.
 22824 | Orc:2    | Found a one-way gate leading to the halls of Pandemonium.
 22994 | Orc:2    | Upgraded the game from 0.30-a0-738-g116ff8c4af to
                  | 0.30-a0-743-gbfdf073431
 23184 | Swamp:1  | Entered Level 1 of the Swamp
 23371 | Lair:2   | Received a gift from Okawaru
 24090 | Swamp:1  | Received a gift from Okawaru
 24613 | Swamp:2  | Found a transporter.
 24614 | Swamp:2  | Found a transporter.
 24741 | Swamp:2  | Found a one-way gate to the infinite horrors of the Abyss.
 24741 | Swamp:2  | Noticed Liseak's ghost (journeyman MfDe)
 25783 | Swamp:3  | Reached skill level 20 in Fighting
 26430 | Swamp:3  | Got the Exposition on Kinetic Energy
 26622 | Swamp:3  | Received a gift from Okawaru
 26808 | Swamp:4  | Entered Level 4 of the Swamp
 27150 | Swamp:4  | Reached XP level 17. HP: 143/171 MP: 16/19
 27545 | Swamp:4  | Identified the +4 ring mail "Ogoolupp" {SInv}
 28297 | Swamp:3  | Mangled by a vampire knight

Illustrated notes

Levels and vault maps discovered:
D:1:      lemuel_arrival_behind_the_door_large, layout_basic,
          chequers_ecumenical_altar_simple_redux, minmay_shallow_snake_nest
D:2:      layout_rooms, basic_altar, minmay_hedge_maze
D:3:      layout_loops_ring, gup_sewer_entry_spiral, uniq_sigmund, uniq_terence
D:4:      layout_basic, mainiacjoe_overflow_alcove_3,
          minmay_temple_entry_offerings
D:5:      layout_gridville, grunt_temple_overflow_order_and_chaos_1,
          kennysheep_generic_room_15
D:6:      layout_loops_ring, serial_bayou, serial_bayou_pond_b,
          serial_bayou_lagoon_b, serial_bayou_lagoon_a, serial_bayou_pond_c,
          uniq_pikel
D:7:      layout_cave_pools, chequers_serial_rivers_room_b, minmay_crystal_room
D:8:      layout_basic, lemuel_doored_altar, grunt_lair_entry_orc_guard_hut,
          serial_shops, shop, enter_ossuary_5, roderic_batcave,
          chequers_serial_rivers_small_a, uniq_prince_ribbit1, uniq_psyche,
          uniq_erica
D:9:      layout_irregular_city, mainiacjoe_overflow_surrounded_room,
          orc_0_dummy, serial_bayou_ford_a, uniq_maurice
D:10:     layout_cave_pools, nicolae_sif_muna_little_library, enter_bailey_3
D:11:     layout_rooms, uniq_harold
D:12:     layout_stronghold
D:13:     layout_rooms, erik_vaults_2, hangedman_tell_no_tales, uniq_lodul
D:14:     layout_long_grid, gammafunk_ghost_arena,
          roderic_lattice_octagonal_star, hangedman_decor_growths
D:15:     gammafunk_enter_depths_forms, layout_long_grid,
          evilmike_ruin_ashenzari, argonaut_gorgonesque, uniq_azrael,
          uniq_agnes, uniq_kirke, uniq_nessos
Temple:   compressed_dpeg_triangle_lava_temple
Lair:1:   layout_roguey, uniq_joseph
Lair:2:   layout_long_grid, nicolae_swamp_entry_splash_gauntlet
Lair:3:   layout_regular_city, nicolae_spider_entry_non_spiders,
          lemuel_fruit_fields
Lair:4:   layout_gridlike, nicolae_slime_entry_slimehenge, gammafunk_ghost_ooze,
          bobbens_ice_dragon_lair
Lair:5:   grunt_lair_end_beastmaster, layout_big_grid
Swamp:1:  nicolae_swamp_long_stream, layout_basic_swamp,
          nicolae_swamp_ascending_descending
Swamp:2:  layout_basic_swamp, gammafunk_ghost_abyssal_escape,
          evilmike_swamp_ruin_house_1
Swamp:3:  layout_basic_swamp, evilmike_swamp_ruin_house_3, swamp_pool2,
          nicolae_swamp_alligator_family
Swamp:4:  byrel_swamp_growth_death_and_undeath, layout_basic_swamp,
          infiniplex_staircase_pool_2
Spider:1: layout_spider_delve
Orc:1:    layout_caves
Orc:2:    pf_orc_diabolical, layout_caves, nicolae_orc_lost_temple, uniq_rupert

Skill      XL: |  1  2  3  4  5  6  7  8  9 10 11 12 13 14 15 16 17 |
---------------+----------------------------------------------------+-----
Long Blades    | 4 5 6 7 8 9 12 14 | 14.0
Armour         | 1 2 3 4 5 7 9 12 14 15 16 17 | 17.6
Fighting       | 3 4 5 7 8 11 13 15 17 18 20 | 20.5
Dodging        | 4 5 6 7 8 9 |  9.3
Stealth        | 1 2 |  2.1
Invocations    | 1 2 3 4 5 6 |  6.1
Shields        | 1 3 6 9 12 14 | 14.8
Throwing       | 3 |  3.3
Evocations     | |  0.3

Action                     |  1- 3 |  4- 6 |  7- 9 | 10-12 | 13-15 | 16-18 || total
---------------------------+-------+-------+-------+-------+-------+-------++-------
  Melee: Long sword        |   111 |   191 |    32 |    52 |    10 |       ||   396
         Punch             |     2 |       |     8 |     4 |       |       ||    14
         Falchion          |       |    73 |   327 |    55 |       |       ||   455
         Scimitar          |       |       |       |   763 |  1614 |   698 ||  3075
         Demon blade       |       |       |       |       |       |   190 ||   190
  Throw: Throwing net      |       |     2 |       |     3 |       |       ||     5
         Dart              |       |       |       |     8 |     3 |     2 ||    13
         Javelin           |       |       |       |     3 |       |       ||     3
 Invoke: Heroism           |       |       |     3 |    12 |    11 |     5 ||    31
         Finesse           |       |       |       |       |     6 |     1 ||     7
         Duel              |       |       |       |       |     1 |       ||     1
Ability: Hop               |     1 |       |     5 |     6 |     9 |    10 ||    31
  Evoke: Wand              |       |       |       |       |       |     4 ||     4
    Use: Scroll            |       |     3 |    13 |    18 |     5 |     4 ||    43
         Potion            |       |       |     3 |    12 |     3 |    10 ||    28
   Stab: Distracted        |       |       |       |       |       |     1 ||     1
 Armour: Scale mail        |    66 |   137 |    39 |       |       |       ||   242
         Plate armour      |       |       |   179 |   398 |       |       ||   577
         Chain mail        |       |       |       |   100 |   784 |   592 ||  1476
  Dodge: Dodged            |    77 |   150 |   130 |   284 |   894 |   654 ||  2189
  Block: Buckler           |       |       |       |    95 |    69 |       ||   164
         Kite shield       |       |       |       |       |   832 |   630 ||  1462

Table legend: (Time is in decaauts)
 A = Elapsed time spent in this place.
 B = Non-inter-level travel time spent in this place.
 C = Inter-level travel time spent in this place.
 D = Time resting spent in this place.
 E = Time spent auto-exploring this place.
 F = Levels seen in this place.
 G = Mean time per level.
                   A        B        C        D        E       F      G
               +--------+--------+--------+--------+--------+-----+--------+
         Total |  30535 |  28118 |   2417 |   3360 |  16849 |  32 |  954.2 |
       Dungeon |  15692 |  14038 |   1654 |    629 |   8997 |  15 | 1046.1 |
        Temple |    372 |    351 |     21 |      0 |    309 |   1 |  372.0 |
          Lair |   6933 |   6446 |    487 |    824 |   4176 |   5 | 1386.6 |
         Swamp |   4351 |   4167 |    184 |   1512 |   1699 |   4 | 1087.8 |
   Spider Nest |     36 |     36 |      0 |      0 |      0 |   1 |   36.0 |
  Orcish Mines |   2236 |   2168 |     68 |    276 |   1436 |   2 | 1118.0 |
         Sewer |    386 |    386 |      0 |    100 |     55 |   1 |  386.0 |
       Ossuary |    225 |    225 |      0 |      0 |     81 |   1 |  225.0 |
        Bailey |    274 |    274 |      0 |      0 |     92 |   1 |  274.0 |
         Arena |     27 |     27 |      0 |     17 |      0 |   1 |   27.0 |
               +--------+--------+--------+--------+--------+-----+--------+

Top non-repeatable levels by time:
 Swamp:3: 2375 daAuts
  Lair:2: 1998 daAuts
   Orc:2: 1697 daAuts
    D:15: 1494 daAuts
  Lair:5: 1385 daAuts
     D:9: 1331 daAuts
    D:12: 1295 daAuts
     D:6: 1288 daAuts
    D:14: 1247 daAuts
  Lair:3: 1223 daAuts
     D:8: 1202 daAuts
  Lair:1: 1196 daAuts
  Lair:4: 1130 daAuts
     D:1: 1096 daAuts
     D:4: 1074 daAuts
